 Dungeon Crawl Stone Soup version 0.27-a0-1202-ge72e49191c (webtiles) character file.

Game seed: 12605651033377837756

17636 Glokmah the Demolition Demonspawn (level 12, -7/93 HPs)
             Began as a Demonspawn Monk on June 4, 2021.
             Was an Elder of Makhleb.
             Splashed by an oklob plant's acid (11 damage)
             ... on level 1 of the Lair of Beasts.
             The game lasted 00:43:06 (17116 turns).

Glokmah the Demolition Demonspawn (DsMo)           Turns: 17116, Time: 00:43:06

Health: -7/93      AC:  8    Str: 14    XL:     12   Next: 20%
Magic:  2/22       EV: 12    Int: 13    God:    Makhleb [****..]
Gold:   63         SH:  0    Dex: 17    Spells: 6/17 levels left

rFire    + . .     SeeInvis .   a - +5 spear
rCold    + . .     Faith    +   (no shield)
rNeg     . . .     Spirit   .   j - +0 scale mail
rPois    .         Reflect  .   L - +2 hat {Stlth+}
rElec    .         Harm     .   T - +0 cloak
rCorr    .         Rampage  .   Q - +1 pair of gloves
Will     +....                  q - +0 pair of boots
Stlth    +++.......             s - amulet of faith
HPRegen  0.25/turn              o - ring of willpower
MPRegen  0.18/turn              N - ring "Dath" {rF+ rC+ AC+4}

@: corroded, very slightly contaminated
A: claws 1, ignite blood 2, spiny 1, sturdy frame 3, corrupting presence 1
a: Renounce Religion, Minor Destruction, Lesser Servant of Makhleb, Major
Destruction


You were on level 1 of the Lair of Beasts.
You worshipped Makhleb.
Makhleb was greatly pleased with you.
You visited 2 branches of the dungeon, and saw 12 of its levels.
You also visited: Sewer.

You collected 804 gold pieces.
You spent 741 gold pieces at shops.

Inventory:

Hand Weapons
 a - a +5 spear (weapon)
 b - a +1 short sword
Missiles
 d - 385 stones (quivered)
 l - 2 throwing nets
 m - 5 boomerangs of dispersal
 u - 5 curare-tipped darts
 V - 39 poisoned darts
Armour
 j - a +0 scale mail (worn)
 q - a +0 pair of boots (worn)
 L - a +2 hat of stealth (worn)
 Q - a +1 pair of gloves (worn)
 T - a +0 cloak (worn)
 U - a +0 kite shield of reflection
Jewellery
 n - a ring of willpower
 o - a ring of willpower (left hand)
 s - an amulet of faith (around neck)
 t - a +4 ring of evasion
 y - a ring of protection from cold
 B - a ring of poison resistance
 N - the ring "Dath" (right hand) {rF+ rC+ AC+4}
   (You bought it in a shop on level 2 of the Dungeon)

   [ring of protection]

   It affects your AC (+4).
   It protects you from fire.
   It protects you from cold.
Wands
 p - a wand of digging (3)
 r - a wand of acid (8)
 C - a wand of mindburst (9)
 E - a wand of iceblast (13)
 F - a wand of paralysis (7)
 J - a wand of flame (18)
 K - a wand of charming (4)
 W - a wand of polymorph (9)
Scrolls
 c - 4 scrolls of enchant weapon
 g - 16 scrolls of teleportation
 h - a scroll of magic mapping
 w - a scroll of amnesia
 R - 2 scrolls of identify
 S - a scroll of fear
Potions
 e - 5 potions of curing
 f - 3 potions of lignification
 i - 2 potions of magic
 k - 2 potions of heal wounds
 v - 5 potions of flight
 x - 2 potions of berserk rage {unknown}
 z - a potion of might {unknown}
 A - 3 potions of invisibility
 D - a potion of mutation
 I - a potion of degeneration {unknown}
 M - 3 potions of cancellation {unknown}
 O - 2 potions of haste {unknown}


   Skills:
 + Level 8.2 Fighting
 - Level 3.1(5.5) Axes
 * Level 7.1(7.4) Polearms
 - Level 2.9 Dodging
 - Level 1.8 Stealth
 - Level 3.0 Spellcasting
 + Level 3.5 Conjurations
 * Level 7.3 Summonings
 * Level 8.1 Air Magic
 - Level 3.0 Poison Magic
 * Level 13.4 Invocations


You had 6 spell levels left.
You knew the following spells:

 Your Spells              Type           Power      Damage    Failure   Level
a - Call Imp              Summ           21%        N/A       2%          2
b - Poisonous Vapours     Pois/Air       32%        N/A       4%          2
c - Mephitic Cloud        Conj/Pois/Air  14%        N/A       12%         3
d - Summon Lightning Spi  Summ/Air       22%        N/A       12%         4

Your spell library contained the following spells:

 Spells                   Type           Power      Damage    Failure   Level
 Summon Small Mammal      Summ           84%        N/A       1%          1
 Call Canine Familiar     Summ           21%        N/A       4%          3
 Magic Dart               Conj           44%        1d5       7%          1
 Searing Ray              Conj           22%        3d3       11%         2
 Summon Guardian Golem    Hex/Summ       11%        N/A       19%         3
 Animate Skeleton         Necr           2%         N/A       28%         1
 Pain                     Necr           4%         1d4       28%         1
 Conjure Flame            Conj/Fire      6%         6-21      38%         3
 Dazzling Flash           Conj/Hex       12%        N/A       38%         3
 Summon Ice Beast         Ice/Summ       11%        N/A       54%         4
 Confusing Touch          Hex            1%         N/A       65%         3
 Gell's Gravitas          Tloc           0%         N/A       65%         3
 Portal Projectile        Hex/Tloc       2%         N/A       65%         3
 Vampiric Draining        Necr           0%         2d6       65%         3
 Fulminant Prism          Conj/Hex       3%         3d6       80%         4
 Iskenderun's Mystic Bla  Conj/Tloc      6%         2d4       80%         4
 Silence                  Hex/Air        6%         N/A       83%         5
 Summon Forest            Summ/Tloc      5%         N/A       87%         5
 Animate Dead             Necr           0%         N/A       96%         4
 Cause Fear               Hex            0%         N/A       96%         4
 Passage of Golubria      Tloc           N/A        N/A       96%         4
 Petrify                  Tmut/Erth      1%         N/A       96%         4
 Conjure Ball Lightning   Conj/Air       8%         3x3d6     99%         6
 Agony                    Necr           1%         N/A       100%        5
 Metabolic Englaciation   Hex/Ice        0%         N/A       100%        5
 Yara's Violent Unravell  Hex/Tmut       0%         3d3       100%        5
 Freezing Cloud           Conj/Ice/Air   6%         6-21      100%        6
 Malign Gateway           Summ/Tloc      5%         N/A       100%        7
 Discord                  Hex            0%         N/A       100%        8
 Tornado                  Air            11%        N/A       100%        9


Dungeon Overview and Level Annotations

Branches:
Dungeon (10/15)            Temple (0/1) D:6            Lair (2/6) D:8
    Orc (0/2) D:9           Sewer (visited)
  Swamp: Lair:2-4    Shoals: Lair:2-4     Snake: Lair:2-4    Spider: Lair:2-4

Altars:
Ashenzari
Dithmenos
Elyvilon
Fedhas
Gozag
Hepliaklqana
Kikubaaqudgha
Makhleb
Nemelex Xobeh
Sif Muna
Wu Jian
Yredelemnul

Shops:
D:2 :==([   D:4 !(

Portals:
Abyss: D:3

Annotations:
Lair:1 exclusion: 2 oklob plants


Innate Abilities, Weirdness & Mutations

You have sharp fingernails.
Your demonic aura often causes spilled blood to erupt in flames.
You are partially covered in sharp spines.
Your movements are significantly less encumbered by armour. (ER -6)
Your presence sometimes corrodes those you injure.


Message History

Your crimson imp dies!
The bolt of electricity hits the oklob plant!
The bolt of electricity hits the oklob plant.
The oklob plant spits acid at your lightning spire.
The splash of acid hits your lightning spire!
Your lightning spire is splashed with acid.
The acid corrodes your lightning spire!
Your lightning spire is destroyed!
The oklob plant spits acid at you. The splash of acid hits your neqoxec!
Your neqoxec is splashed with acid.
The acid corrodes your neqoxec!
Casting: Call Imp (safe; 2% risk of failure)
Confirm with . or Enter, or press ? or * to list all spells.
An electric hum fills the air.
The oklob plant spits acid at you.
The splash of acid hits your lightning spire.
Your lightning spire is splashed with acid.
Really walk into a travel-excluded area?
The oklob plant spits acid at you.
The splash of acid hits your lightning spire!
Your lightning spire is splashed with acid.
The acid corrodes your lightning spire!
Your lightning spire is destroyed!
Casting: Summon Lightning Spire (dangerous; 12% risk of failure)
Confirm with . or Enter, or press ? or * to list all spells.
You miscast Summon Lightning Spire.
You are very lightly contaminated with residual magic.
Nothing appears to happen.
Casting: Summon Lightning Spire (dangerous; 12% risk of failure)
Confirm with . or Enter, or press ? or * to list all spells.
An electric hum fills the air.
The oklob plant spits acid at you. The splash of acid hits your neqoxec!!
Your neqoxec is splashed with acid.
Your neqoxec seems to be corroded for longer.
Your neqoxec dies!
The oklob plant spits acid at you. The splash of acid hits you.
* * * LOW HITPOINT WARNING * * *
The acid corrodes you!
You are splashed with acid!
You die...

#......##P#....# #.#..##
##....######..## #.....#
##...## ##.....## ###.#.#
#....## #.......# #####
##P...# #......##
#.....###......#
#......##......####
#....P.........##.#######
.#.....#........@..$.=..#
##....##...........?..$P#
##..####.....8#...$.[..#
#### #.....##.....$.P#
####### ##..#.##...$)(..#
......###.###.###.#######
..............# ###
..............####
........P........#


You could see 2 oklob plants and a friendly lightning spire (summoned).

Vanquished Creatures
  Gastronok (Lair:1)
  Harold (Lair:1)
  Erica (D:8)
  Pikel (D:8)
  A cyclops (D:8)
  Maurice (D:9)
  A black mamba (Lair:1)
  3 komodo dragons
  5 blink frogs
  A shadow (D:10)
  A wraith (D:10)
  Sigmund (D:5)
  The ghost of Gilette the Chopper, an amateur HOMo (D:3)
  3 steam dragons
  22 yaks
  3 wargs (D:9)
  2 water moccasins
  An acid dragon (D:10)
  3 ice beasts
  A black bear (D:7)
  2 orc warriors
  2 necrophages
  2 ogres
  2 centaurs (D:5)
  A lemure (D:8)
  A phantom (D:4)
  3 kobold brigands
  4 bullfrogs
  3 wyvern zombies
  A water moccasin zombie (D:5)
  3 scorpions
  A small abomination (D:3)
  A water moccasin skeleton (D:6)
  4 killer bees
  4 wights
  An electric eel (Lair:1)
  5 howler monkeys
  3 centaur zombies
  3 bullfrog zombies
  2 orc priests (D:8)
  4 hounds
  2 jellies
  A gnoll shaman (D:8)
  7 iguanas
  Ijyb (D:3)
  5 orc wizards
  A killer bee zombie (D:4)
  2 howler monkey zombies
  8 gnolls
  4 adders
  A river rat (Sewer)
  A shadow imp (D:7)
  An ufetubus (D:7)
  An adder skeleton (D:5)
  2 worms
  The ghost of Sergey the Sneak, a weakling DDDe (D:5)
  14 orcs
  5 endoplasms
  A giant cockroach (D:4)
  5 goblins
  8 hobgoblins
  A quokka (D:3)
  3 ball pythons
  5 bats
  22 frilled lizards
  21 kobolds
  10 rats
239 creatures vanquished.

Vanquished Creatures (collateral kills)
  A hydra (Lair:1)
  2 oklob plants (Lair:1)
  A toenail golem (D:3)
  Maggie (D:8)
  A komodo dragon (Lair:2)
  3 blink frogs (Lair:2)
  Prince Ribbit (Lair:2)
  A shadow (D:10)
  A wyvern (D:7)
  4 yaks (D:10)
  A water moccasin (D:7)
  A small abomination (D:3)
  A black bear (D:4)
  An orc warrior (D:7)
  A necrophage (D:10)
  A centaur (D:9)
  A bullfrog (D:7)
  2 gnoll sergeants
  A wight (D:7)
  2 orc priests
  2 orc wizards
  5 gnolls
  3 orcs (D:3)
  A hobgoblin (D:2)
  A frilled lizard (D:6)
  2 kobolds (D:9)
  A rat (D:3)
43 creatures vanquished.

Vanquished Creatures (others)
  2 fungi (Lair:1)
  39 plants
41 creatures vanquished.

Grand Total: 323 creatures vanquished

Notes
Turn   | Place    | Note
-------+----------+-------------------------------------------
     0 | D:1      | Glokmah the Demonspawn Monk began the quest for the Orb.
     0 | D:1      | Reached XP level 1. HP: 18/18 MP: 1/1
   472 | D:1      | Gained mutation: You have sharp fingernails. [demonic
                  | ancestry]
   472 | D:1      | Reached XP level 2. HP: 18/24 MP: 2/2
   907 | D:1      | Found a faded altar of an unknown god.
   911 | D:1      | Became a worshipper of Makhleb the Destroyer
   911 | D:1      | Reached * piety under Makhleb
   911 | D:1      | Reached ** piety under Makhleb
  1114 | D:1      | Reached skill level 1 in Invocations
  1167 | D:1      | Reached *** piety under Makhleb
  1597 | D:2      | Found Wublutsuonk's Jewellery Boutique.
  1674 | D:2      | You fall into a shaft and drop 1 floor!
  1707 | D:3      | Gained mutation: Your movements are slightly less
                  | encumbered by armour. (ER -2) [demonic ancestry]
  1707 | D:3      | Reached XP level 3. HP: 22/29 MP: 4/4
  1825 | D:3      | Found a glowing drain.
  1843 | Sewer    | Entered a sewer
  1849 | Sewer    | Reached skill level 2 in Invocations
  1863 | Sewer    | Learned a level 2 spell: Call Imp
  2055 | Sewer    | Reached XP level 4. HP: 34/35 MP: 4/6
  2134 | Sewer    | Reached skill level 1 in Summonings
  2362 | D:3      | Found a hazy altar of Hepliaklqana.
  2405 | D:3      | Reached skill level 3 in Invocations
  2472 | D:3      | Found a one-way gate to the infinite horrors of the Abyss.
  2472 | D:3      | Noticed a kobold brigand
  2472 | D:3      | Noticed Gilette's ghost (amateur HOMo)
  2479 | D:3      | Found a transporter.
  2519 | D:3      | Gained mutation: You are partially covered in sharp spines.
                  | [demonic ancestry]
  2519 | D:3      | Reached XP level 5. HP: 15/41 MP: 7/7
  2519 | D:3      | Found a transporter.
  2708 | D:3      | Noticed a small abomination
  2756 | D:3      | Noticed Ijyb
  2762 | D:3      | Killed Ijyb
  2763 | D:3      | Reached skill level 1 in Spellcasting
  3049 | D:3      | Noticed a toenail golem
  3131 | D:2      | Found Sihyaps's Book Shoppe.
  3194 | D:2      | Found Rufap's Jewellery Emporium.
  3229 | D:2      | Found Xejoriy's Antique Armour Shoppe.
  3315 | D:2      | Found Hynattom's Weapon Shop.
  3812 | D:4      | Reached skill level 4 in Invocations
  3826 | D:4      | Reached **** piety under Makhleb
  3831 | D:4      | Found Kailozeu's Distillery.
  3869 | D:4      | Found Nurghun's Weapon Shop.
  3899 | D:4      | Found a blossoming altar of Fedhas.
  3988 | D:4      | Noticed a black bear
  3996 | D:4      | Killed a black bear
  3997 | D:4      | Gained mutation: Your demonic aura sometimes causes spilled
                  | blood to erupt in flames. [demonic ancestry]
  3997 | D:4      | Reached XP level 6. HP: 43/48 MP: 9/9
  4092 | D:4      | Found a shimmering blue altar of Sif Muna.
  4375 | D:5      | Entered Level 5 of the Dungeon
  4425 | D:5      | Noticed Sergey's ghost (weakling DDDe)
  4432 | D:5      | Found a runed translucent door.
  4449 | D:5      | Killed Sergey's ghost
  4519 | D:5      | Noticed an ice beast
  4530 | D:5      | Killed an ice beast
  4531 | D:5      | Reached skill level 5 in Invocations
  4697 | D:5      | Gained mutation: Your movements are less encumbered by
                  | armour. (ER -4) [demonic ancestry]
  4697 | D:5      | Reached XP level 7. HP: 52/54 MP: 9/11
  4817 | D:5      | Reached skill level 6 in Invocations
  5245 | D:5      | Found a broken altar of Ashenzari.
  5280 | D:5      | Found an ancient bone altar of Kikubaaqudgha.
  5287 | D:5      | Gained mutation: Your movements are significantly less
                  | encumbered by armour. (ER -6) [demonic ancestry]
  5287 | D:5      | Reached XP level 8. HP: 60/61 MP: 13/13
  5481 | D:5      | Learned a level 2 spell: Poisonous Vapours
  5513 | D:5      | Reached skill level 7 in Invocations
  5517 | D:5      | Reached skill level 5 in Summonings
  5522 | D:5      | Reached skill level 5 in Fighting
  6080 | D:5      | Reached skill level 8 in Invocations
  6118 | D:5      | Noticed Sigmund
  6120 | D:5      | Killed Sigmund
  6121 | D:5      | Reached skill level 1 in Air Magic
  6182 | D:5      | Reached skill level 1 in Poison Magic
  7250 | D:6      | Found a basalt altar of Yredelemnul.
  7282 | D:6      | Found a staircase to the Ecumenical Temple.
  7310 | D:6      | Reached skill level 9 in Invocations
  7557 | D:6      | Reached XP level 9. HP: 68/69 MP: 15/15
  8208 | D:7      | Reached skill level 1 in Polearms
  8485 | D:7      | Reached skill level 10 in Invocations
  8727 | D:7      | Learned a level 3 spell: Mephitic Cloud
  8732 | D:7      | Learned a level 4 spell: Summon Lightning Spire
  9299 | D:8      | Reached ***** piety under Makhleb
  9480 | D:8      | Noticed Erica
  9488 | D:8      | Killed Erica
  9489 | D:8      | Reached skill level 5 in Air Magic
  9489 | D:8      | Gained mutation: Your demonic aura often causes spilled
                  | blood to erupt in flames. [demonic ancestry]
  9489 | D:8      | Reached XP level 10. HP: 50/77 MP: 16/18
  9630 | D:8      | Noticed a cyclops
  9646 | D:8      | Killed a cyclops
  9647 | D:8      | Reached skill level 11 in Invocations
  9844 | D:8      | Noticed Maggie
  9852 | D:8      | Killed Maggie
 10312 | D:8      | Found a shadowy altar of Dithmenos.
 10340 | D:8      | Noticed Pikel
 10349 | D:8      | Killed Pikel
 10659 | D:8      | You fall into a shaft and drop 2 floors!
 10659 | D:10     | Entered Level 10 of the Dungeon
 10674 | D:10     | Reached skill level 5 in Polearms
 10902 | D:10     | Found an ornate altar of the Wu Jian Council.
 10966 | D:10     | Reached skill level 12 in Invocations
 10984 | D:10     | Gained mutation: Your presence sometimes corrodes those you
                  | injure. [demonic ancestry]
 10984 | D:10     | Reached XP level 11. HP: 14/84 MP: 20/20
 11307 | D:10     | Reached skill level 1 in Conjurations
 11347 | D:10     | Found an opulent altar of Gozag.
 11461 | D:10     | Found a sparkling altar of Nemelex Xobeh.
 11514 | D:9      | Found a staircase to the Orcish Mines.
 11571 | D:9      | Noticed Maurice
 11582 | D:9      | Killed Maurice
 11793 | D:8      | Found a staircase to the Lair.
 13099 | Lair:1   | Entered Level 1 of the Lair of Beasts
 13184 | Lair:1   | Noticed an oklob plant
 13187 | Lair:1   | Noticed an oklob plant
 13187 | Lair:1   | Noticed a four-headed hydra
 13211 | Lair:1   | Killed a four-headed hydra
 13964 | Lair:1   | Noticed Gastronok
 13984 | Lair:1   | Killed Gastronok
 13985 | Lair:1   | Reached skill level 13 in Invocations
 14347 | D:3      | Killed Gilette's ghost
 14356 | D:3      | Got Lugonu's Handbook of Translocation
 14751 | Lair:1   | Reached XP level 12. HP: 68/92 MP: 21/21
 15047 | D:2      | Bought the ring "Dath" {rF+ rC+ AC+4} for 741 gold pieces
 15190 | Lair:1   | Noticed Harold
 15211 | Lair:1   | Killed Harold
 17001 | Lair:2   | Noticed Prince Ribbit
 17010 | Lair:2   | Killed Prince Ribbit
 17116 | Lair:1   | HP: 4/93 [oklob plant/splash of acid (6)]
 17116 | Lair:1   | Splashed by an oklob plant's acid

Illustrated notes

Levels and vault maps discovered:
D:1:      dpeg_arrival_round_b, layout_basic,
          hellmonk_ecumenical_altar_leap_of_faith, serial_bayou_ford_a
D:2:      layout_loops_cross, serial_shops, shop, shop, shop, shop_fountains,
          nicolae_shop_stone
D:3:      layout_basic, nicolae_hepliaklqana_hippocampus,
          cheibrodos_sewer_entry_bend, gammafunk_ghost_abyssal_escape, uniq_ijyb
D:4:      layout_rooms, fedhas_altar_2, kennysheep_little_box, serial_shops,
          shop, shop
D:5:      layout_loops_corners, lemuel_round_altar, grunt_temple_overflow_open,
          hellmonk_ghost_happy_afterlife, uniq_sigmund
D:6:      lemuel_ice_spiral_2, layout_basic, lemuel_zombie_altar_yredelemnul,
          minmay_temple_entry_grid, minmay_lizard_king
D:7:      minmay_recursive_quarters, layout_rooms
D:8:      layout_basic, kennysheep_mini, david_lair_shrubbed, uniq_maggie,
          uniq_pikel, uniq_erica
D:9:      layout_rooms, minmay_orc_entry_guard_dogs, serial_curves,
          eino_curves_03, eino_curves_04, eino_curves_01, uniq_maurice
D:10:     layout_big_octagon, pdpol_temple_overflow_zin_treasury_gozag_greed,
          nemelex_spade_bored_becter, vehumet_statue,
          nicolae_wu_jian_wuxing_cycle, serial_undead, serial_undead_c,
          serial_undead_a, serial_undead_e, serial_undead_a
Lair:1:   layout_gridlike, grunt_megastairs_2, minmay_lair_oklob_chamber,
          lemuel_fruit_fields, infiniplex_staircase_pool, lemuel_fruit_tree,
          uniq_harold, uniq_gastronok
Lair:2:   layout_big_grid, uniq_prince_ribbit2

Skill      XL: |  1  2  3  4  5  6  7  8  9 10 11 12 |
---------------+-------------------------------------+-----
Axes           | 3 |  3.1
Invocations    | 1 2 3 4 5 6 9 10 12 13 | 13.4
Summonings     | 1 2 3 4 5 7 |  7.3
Spellcasting   | 1 2 3 |  3.0
Fighting       | 4 5 6 7 8 |  8.2
Air Magic      | 2 5 6 7 8 |  8.1
Poison Magic   | 2 3 |  3.0
Polearms       | 3 5 6 7 |  7.1
Conjurations   | 3 |  3.5
Dodging        | |  2.9
Stealth        | |  1.8

Action                   |  1- 3 |  4- 6 |  7- 9 | 10-12 || total
-------------------------+-------+-------+-------+-------++-------
Melee: Hand axe          |    32 |       |       |       ||    32
       Short sword       |    45 |    35 |    35 |       ||   115
       Spear             |       |       |    63 |   190 ||   253
Throw: Stone             |    26 |       |       |       ||    26
 Cast: Call Imp          |       |     4 |    12 |    31 ||    47
       Poisonous Vapours |       |       |       |    10 ||    10
       Summon Lightning  |       |       |       |     7 ||     7
       Mephitic Cloud    |       |       |       |     1 ||     1
Invok: Minor Destruction |    29 |    67 |   163 |   146 ||   405
       Lesser Servant of |       |     1 |     3 |    23 ||    27
       Major Destruction |       |       |     1 |     9 ||    10
  Use: Scroll            |     2 |       |    15 |     3 ||    20
 Stab: Sleeping          |     2 |     1 |       |     1 ||     4
       Distracted        |       |       |       |     3 ||     3
Armor: Robe              |    10 |     2 |       |       ||    12
       Leather armour    |       |     4 |     8 |       ||    12
       Chain mail        |       |       |     9 |       ||     9
       Scale mail        |       |       |    18 |    46 ||    64
Dodge: Dodged            |    42 |    39 |   113 |   114 ||   308

Table legend: (Time is in decaauts)
 A = Elapsed time spent in this place.
 B = Non-inter-level travel time spent in this place.
 C = Inter-level travel time spent in this place.
 D = Time resting spent in this place.
 E = Time spent auto-exploring this place.
 F = Levels seen in this place.
 G = Mean time per level.
                   A        B        C        D        E       F      G
               +--------+--------+--------+--------+--------+-----+--------+
         Total |  17215 |  15550 |   1665 |   5168 |   7188 |  13 | 1324.2 |
       Dungeon |  13291 |  11790 |   1501 |   3026 |   6267 |  10 | 1329.1 |
          Lair |   3420 |   3256 |    164 |   2139 |    681 |   2 | 1710.0 |
         Sewer |    503 |    503 |      0 |      3 |    239 |   1 |  503.0 |
               +--------+--------+--------+--------+--------+-----+--------+

Top non-repeatable levels by time:
  Lair:1: 3361 daAuts
     D:8: 2037 daAuts
     D:5: 2003 daAuts
     D:6: 1705 daAuts
     D:1: 1665 daAuts
     D:3: 1414 daAuts
     D:7: 1211 daAuts
     D:9: 1008 daAuts
    D:10: 853 daAuts
     D:4: 793 daAuts
     D:2: 598 daAuts
   Sewer: 503 daAuts
  Lair:2: 59 daAuts
